 Dungeon Crawl Stone Soup version 0.24.1-4-ge52af88ad5 (webtiles) character file.

Game seed: 5381257909131018891, levelgen mode: deterministic

49 lepoulpe303 the Firebug (level 3, -2/19 HPs)
             Began as a Deep Elf Fire Elementalist on Apr 21, 2020.
             Was an Initiate of Vehumet.
             Killed by divine providence
             ... invoked by an orc priest
              (11 damage)
             ... on level 3 of the Dungeon.
             The game lasted 00:09:13 (2097 turns).

lepoulpe303 the Firebug (DEFE)                      Turns: 2097, Time: 00:09:14

Health: -2/19      AC:  4    Str:  5    XL:     3   Next: 51%
Magic:  10/10      EV: 13    Int: 20    God:    Vehumet [......]
Gold:   183        SH:  0    Dex: 15    Spells: 0/9 levels left

rFire    . . .     SeeInvis .   a - +2 dagger (speed)
rCold    . . .     Gourm    .   (no shield)
rNeg     . . .     Faith    .   g - +0 robe
rPois    .         Spirit   .   (no helmet)
rElec    .         Reflect  .   f - +0 cloak
rCorr    .         Harm     .   i - +0 pair of gloves (curse)
MR       .....                  (no boots)
Stlth    ++........             (no amulet)
HPRegen  0.06/turn              (no ring)
MPRegen  0.12/turn              (no ring)

@: no status effects
A: no striking features
a: Renounce Religion


You were on level 3 of the Dungeon.
You worshipped Vehumet.
Vehumet was noncommittal.
You were not hungry.

You visited 1 branch of the dungeon, and saw 3 of its levels.

You collected 183 gold pieces.

Inventory:

Hand Weapons
 a - a +2 dagger of speed (weapon)
Missiles
 b - 14 poisoned darts
Armour
 f - a +0 cloak (worn)
 g - a +0 robe (worn)
 i - a cursed +0 pair of gloves (worn)
Scrolls
 c - 5 scrolls of identify {unknown}
 j - a scroll of teleportation {unknown}
 m - a scroll of magic mapping {unknown}
Potions
 d - a potion of invisibility {unknown}
 h - a potion of curing {unknown}
 l - a potion of ambrosia {unknown}
Comestibles
 e - 5 rations


   Skills:
 + Level 2.7 Dodging
 + Level 2.9 Stealth
 * Level 3.8 Spellcasting
 + Level 1.6 Conjurations
 * Level 4.0 Fire Magic


You couldn't memorise any spells.
You knew the following spells:

 Your Spells              Type           Power        Failure   Level  Hunger
a - Flame Tongue          Conj/Fire      ###..        4%          1    None
b - Inner Flame           Hex/Fire       ##......     17%         3    ###....
c - Conjure Flame         Conj/Fire      ###.....     12%         3    ###....
x - Throw Flame           Conj/Fire      ###...       6%          2    ##.....

Your spell library contained the following spells:

 Spells                   Type           Power        Failure   Level  Hunger
 Magic Dart               Conj           ##..         7%          1    None
 Sticky Flame             Conj/Fire      ###.....     38%         4    ####...
 Fireball                 Conj/Fire      ###.......   75%         5    ######.


Dungeon Overview and Level Annotations

Branches:
Dungeon (3/15)

Altars:
Fedhas
Kikubaaqudgha
Sif Muna
Vehumet


Message History

Your Fire Magic skill increases to level 4!
* * * LOW MAGIC WARNING * * *
An orc comes into view. It is wielding a +0 club.
You now have 1/10 mp.
You don't have enough magic to cast that spell.
You climb upwards.
There is a stone staircase leading down here.
You start resting.
MP restored: 10
(D) Dungeon
Where to? (Enter - D:3, ? - help)
You climb downwards.
The orc priest mumbles some strange prayers to Beogh against you.
Pain shoots through your body!
Ouch! That really hurt!
* * * LOW HITPOINT WARNING * * *
The orc priest calls down the wrath of Beogh upon you.
Beogh smites you!
Ouch! That really hurt!
You die... ############# ..oo...@....# ###########.#

You could see an orc priest and an orc.

Levels and vault maps discovered:
D:1:      minmay_arrival_plants_in_alcoves, layout_basic, chequers_big_river,
          minmay_misc_feat_pillars
D:2:      layout_loops_ring, grunt_temple_overflow_magic_moments,
          fedhas_altar_1, first_ration, serial_bayou, serial_bayou_lagoon_a,
          serial_bayou_crossing, lemuel_blue_sif_altar
D:3:      layout_loops_ring, elyvilon_altar_5, gammafunk_ghost_necromancy

Notes
Turn   | Place    | Note
-------+----------+-------------------------------------------
     0 | D:1      | lepoulpe303 the Deep Elf Fire Elementalist began the quest
                  | for the Orb.
     0 | D:1      | Reached XP level 1. HP: 10/10 MP: 6/6
   147 | D:1      | Identified a +0 dagger
   252 | D:1      | Identified a +0 short sword
   283 | D:1      | Reached XP level 2. HP: 14/15 MP: 8/8
   336 | D:1      | Identified a +0 club
   491 | D:1      | Identified a +2 dagger of speed
   609 | D:1      | Identified a +0 cloak (You found it on level 1 of the
                  | Dungeon)
   648 | D:1      | Identified a cursed +0 pair of gloves (You found it on
                  | level 1 of the Dungeon)
   651 | D:1      | Identified a +0 dagger
   778 | D:1      | Identified a +0 club
  1122 | D:1      | Learned a level 2 spell: Throw Flame
  1143 | D:2      | Found a blossoming altar of Fedhas.
  1143 | D:2      | Identified a +0 dagger
  1230 | D:2      | Reached XP level 3. HP: 19/19 MP: 7/10
  1235 | D:2      | Learned a level 3 spell: Conjure Flame
  1276 | D:2      | Identified a +0 hunting sling
  1288 | D:2      | Learned a level 3 spell: Inner Flame
  1535 | D:2      | Identified a +0 dagger
  1650 | D:2      | Identified a +0 club
  1684 | D:2      | Identified a +0 whip
  1814 | D:2      | Found a shimmering blue altar of Sif Muna.
  1901 | D:2      | Found an ancient bone altar of Kikubaaqudgha.
  1901 | D:2      | Found a shimmering blue altar of Sif Muna.
  1903 | D:2      | Found a radiant altar of Vehumet.
  1915 | D:2      | Identified Vehumet's Collected Works on Conjuration
  1935 | D:2      | Became a worshipper of Vehumet
  2020 | D:3      | Identified a +0 flail
  2024 | D:3      | Reached skill level 4 in Fire Magic
  2024 | D:3      | Identified a +0 club
  2097 | D:3      | Killed from afar by an orc priest

Table legend:
 A = Turns spent in this place as a percentage of turns spent in the entire game.
 B = Non-inter-level travel turns spent in this place as a percentage of non-inter-level travel turns spent in the entire game.
 C = Inter-level travel turns spent in this place as a percentage of turns spent in this place.
 D = Turns resting spent in this place as a percentage of non-inter-level travel turns spent in this place.
 E = Turns spent auto-exploring this place as a percentage of non-inter-level travel turns spent in this place.
 F = Non-inter-level travel turns spent in this place divided by the number of levels of this place that you've seen.
                   A       B       C       D       E      F
               +-------+-------+-------+-------+-------+----------------------
         Total | 100.0 | 100.0 |   6.0 |  12.6 |  73.6 | 657.0
       Dungeon | 100.0 | 100.0 |   6.0 |  12.6 |  73.6 | 657.0
               +-------+-------+-------+-------+-------+----------------------

Table legend:
 A = Kills in this place as a percentage of kills in entire the game.
 B = Kills by you in this place as a percentage of kills by you in the entire game.
 C = Kills by friends in this place as a percentage of kills by friends in the entire game.
 D = Other kills in this place as a percentage of other kills in the entire game.
 E = Experience gained in this place as a percentage of experience gained in the entire game.
 F = Experience gained in this place divided by the number of levels of this place that you have seen.
                   A       B       C       D       E      F
               +-------+-------+-------+-------+-------+----------------------
         Total | 100.0 | 100.0 |   N/A |   N/A | 100.0 |  23.3
       Dungeon | 100.0 | 100.0 |   N/A |   N/A | 100.0 |  23.3
               +-------+-------+-------+-------+-------+----------------------

Skill      XL: |  1  2  3 |
---------------+----------+-----
Fire Magic     | 4 |  4.0
Dodging        | |  2.7
Stealth        | |  2.9
Spellcasting   | |  3.8
Conjurations   | |  1.6

Action                   || total
-------------------------++-------
Melee: Short sword       ||     8
       Dagger            ||    22
 Cast: Flame Tongue      ||    40
       Throw Flame       ||     3
       Inner Flame       ||     1
 Stab: Sleeping          ||     4
  Eat: Chunk             ||     2
       Ration            ||     1
Armor: Robe              ||     7
Dodge: Dodged            ||    31

Vanquished Creatures
  2 dart slugs (D:2)
  2 leopard geckos (D:2)
  2 orcs (D:3)
  3 giant cockroaches
  4 goblins
  5 hobgoblins (D:1)
  6 kobolds
  3 bats (D:1)
  5 frilled lizards
  6 rats
38 creatures vanquished.
